Map: King Sejong Station LE

Players

Fropez

  • Race: Protoss Protoss
  • League: Silver
  • Spawn Location: 11:00

REPTILIANO - Winner!

  • Race: Zerg Zerg
  • League: Silver
  • Spawn Location: 5:00

VOD

Have the link to the VOD?

Description

Time

  • Played on: June 27, 2016, 12:19 p.m.
  • Length: 3:52
Show
View Real Time Build Order
Export as new Build Order

Fropez Protoss 

Build Orders:  

Get SALT Encoding   

  12  0:02  Probe (Chrono Boost)  
  14  0:21  Pylon, Probe (Chrono Boost)  
  14  0:27  Assimilator  
  14  0:42  Probe (Chrono Boost)  
  15  0:55  Gateway  
  15  1:03  Probe (Chrono Boost)  
  16  1:10  Assimilator  
  16  1:12  Pylon  
  16  1:13  Probe (Chrono Boost)  
  16  1:17  Pylon  
  17  1:24  Probe (Chrono Boost)  
  18  1:35  Probe (Chrono Boost)  
  19  1:42  Cybernetics Core  
  19  1:57  Probe (Chrono Boost)  
  20  2:02  Pylon  
  20  2:11  Gateway  
  19  2:25  Stargate  
  19  2:38  Probe (Chrono Boost)  
  20  2:48  Probe (Chrono Boost)  
  21  2:59  Probe (Chrono Boost)  
  22  3:12  Adept x2  
  26  3:15  Probe  
  26  3:21  Forge, Gateway  
Show
View Real Time Build Order
Export as new Build Order

REPTILIANO Zerg - Winner!

Build Orders: Pool First 

Get SALT Encoding   

  12  0:02  Drone  
  13  0:16  Overlord  
  13  0:17  Drone  
  14  0:38  Spawning Pool  
  13  0:45  Drone x2  
  13  0:46  Drone  
  16  0:54  Extractor  
  15  1:01  Drone  
  16  1:08  Overlord  
  16  1:23  Extractor  
  15  1:26  Zergling x2  
  15  1:29  Queen  
  15  1:30  Drone  
  19  1:49  Zergling x2  
  19  1:51  Zergling x2  
  21  1:55  Metabolic Boost  
  21  2:06  Zergling x2  
  22  2:24  Hatchery  
  21  2:44  Zergling x2  
  21  2:45  Zergling x10  
  27  3:22  Zergling x2  
  27  3:23  Zergling x4  
  27  3:25  Overlord x2  
Tags
 
Add a new tag
Caveats
  • Supply blocks, unpowered buildings, or Contaminate may cause inaccurate times.
  • Supply counts are checked every 10 seconds.